 Dungeon Crawl Stone Soup version 0.24-a0-619-gb7544fd (webtiles) character file.

Game seed: 1177542112774306665, levelgen mode: deterministic

258 DrKleor the Slasher (level 6, 0/42 HPs)
             Began as an Octopode Monk on Sept 18, 2019.
             Slain by an ooze (5 damage)
             ... on level 2 of the Dungeon.
             The game lasted 00:04:20 (2230 turns).

DrKleor the Slasher (Octopode Monk)                 Turns: 2230, Time: 00:04:21

Health: 0/42       AC: -3    Str: 10    XL:     6   Next: 16%
Magic:  6/6        EV: 16    Int: 13    God:
Gold:   90         SH:  0    Dex: 16    Spells: 5/5 levels left

rFire    . . .     SeeInvis .   a - +0 falchion
rCold    . . .     Gourm    .   (no shield)
rNeg     . . .     Faith    .   (helmet restricted)
rPois    .         Spirit   .   (no amulet)
rElec    .         Reflect  .   (no ring)
rCorr    .         Harm     .   (no ring)
MR       .....                  (no ring)
Stlth    +++.......             (no ring)
HPRegen  0.14/turn              (no ring)
MPRegen  0.10/turn              (no ring)
                                (no ring)
                                (no ring)

@: corroded
A: almost no armour, stealthy swim, amphibious, 8 rings, constrict 8, camouflage
1, gelatinous body 1
a: no special abilities


You were on level 2 of the Dungeon.
You were not hungry.

You visited 1 branch of the dungeon, and saw 2 of its levels.

You collected 90 gold pieces.

Inventory:

Hand Weapons
 a - a +0 falchion (weapon)
 d - a +0 short sword
Scrolls
 g - 4 scrolls of identify {unknown}
 h - a scroll of magic mapping {unknown}
 i - a scroll of remove curse {unknown}
 j - a scroll of enchant armour {unknown}
 k - a scroll of noise {unknown}
 l - 3 scrolls of amnesia {unknown}
Potions
 c - a potion of flight {unknown}
 e - a potion of lignification {unknown}
 f - a potion of curing {unknown}
 m - a potion of degeneration {unknown}
Comestibles
 b - 3 rations


   Skills:
 - Level 3.0 Fighting
 * Level 5.7 Long Blades
 + Level 4.5 Dodging
 - Level 2.6 Stealth


You had 5 spell levels left.
You didn't know any spells.
Your spell library was empty.

Dungeon Overview and Level Annotations

Branches:
Dungeon (2/15)

Altars:
Vehumet


Innate Abilities, Weirdness & Mutations

You cannot wear most types of armour.
You are very stealthy in the water. (Stealth+)
You are amphibious.
You can wear up to eight rings at the same time.
You can use your tentacles to constrict eight enemies at once.
Your skin changes colour to match your surroundings (Stealth+).
Your rubbery body absorbs attacks. (AC +1, EV +1)


Message History

The ooze is heavily wounded.
The ooze barely misses you.
You hit the ooze.
You kill the ooze!
You hit the ooze but do no damage. The ooze barely misses you.
You riposte.
You hit the ooze but do no damage. Your squeeze misses the ooze.
You hit the ooze.
The ooze is moderately wounded.
The ooze closely misses you.
You hit the ooze. You squeeze the ooze.
The ooze is severely wounded.
The ooze barely misses you.
You hit the ooze but do no damage.
The ooze is severely wounded.
The ooze hits you.
* * * LOW HITPOINT WARNING * * *
You hit the ooze but do no damage.
The ooze is severely wounded.
The ooze hits you.
You die...

....####################..>..#
#...# #######.##.....?##.###.#
# ##.####....#.#.#P.PP..##.#
#.# #
#...##.....#.#.#...÷÷.##.# #.#
# ....'......#'#.#....÷P##.#
#.####
....').......#.#......##<#
#.....
....').......#.#.PP...##.#
######
#...##.......#)#J.....##.# ####
###.###......##'@....P##.# #...
#.############.....÷##.#####...
###..####### #########.........
#......^...####
########.#####...
#......)###...# #.##.....# #...
#.....#.###...# #.#####..# ####
..............# #........#
#.......###.(.# ########.# ####
#.......#.....# #.# #...


You could see an ooze.

Vanquished Creatures
  2 jellies (D:2)
  Natasha (thrice) (D:2)
  4 gnolls (D:2)
  An adder (D:2)
  8 oozes (D:2)
  A worm (D:2)
  2 bats (D:2)
  A giant cockroach (D:1)
  5 goblins
  6 hobgoblins
  2 jackals (D:2)
  A frilled lizard (D:1)
  9 kobolds
45 creatures vanquished.

Vanquished Creatures (others)
  8 toadstools (D:2)
8 creatures vanquished.

Grand Total: 53 creatures vanquished

Notes
Turn   | Place    | Note
-------+----------+-------------------------------------------
     0 | D:1      | DrKleor the Octopode Monk began the quest for the Orb.
     0 | D:1      | Reached XP level 1. HP: 16/16 MP: 1/1
   204 | D:1      | Reached XP level 2. HP: 21/21 MP: 2/2
   863 | D:2      | Reached XP level 3. HP: 26/26 MP: 3/3
  1020 | D:2      | Reached skill level 4 in Long Blades
  1056 | D:2      | Reached XP level 4. HP: 13/31 MP: 4/4
  1319 | D:2      | Found a radiant altar of Vehumet.
  1428 | D:2      | Noticed Natasha
  1460 | D:2      | Killed Natasha
  1722 | D:2      | Noticed Natasha
  1729 | D:2      | Killed Natasha
  1729 | D:2      | Reached skill level 5 in Long Blades
  1729 | D:2      | Reached XP level 5. HP: 17/36 MP: 5/5
  1984 | D:2      | Noticed Natasha
  1990 | D:2      | Killed Natasha
  2083 | D:2      | Reached XP level 6. HP: 20/42 MP: 6/6
  2230 | D:2      | Slain by an ooze

Levels and vault maps discovered:
D:1:      ebering_trefoil_3fold, layout_rooms, hex_tiny
D:2:      cheibrodos_fertilizer, layout_loops_cross, lemuel_round_altar,
          uniq_natasha

Skill      XL: |  1  2  3  4 |
---------------+-------------+-----
Long Blades    | 4 5 |  5.7
Dodging        | 4 |  4.5
Fighting       | |  3.0
Stealth        | |  2.6

Action                   |  1- 3 |  4- 6 || total
-------------------------+-------+-------++-------
Melee: Falchion          |    44 |    69 ||   113
       Constrict         |    12 |     8 ||    20
       Tentacles         |    10 |    20 ||    30
 Stab: Sleeping          |     4 |     2 ||     6
       Distracted        |     1 |       ||     1
  Eat: Chunk             |       |     2 ||     2
       Ration            |       |     1 ||     1
Dodge: Dodged            |    28 |    40 ||    68
       Rpst.: Falchion   |     8 |    14 ||    22

Table legend:
 A = Non-vault XP
 B = Vault XP
 C = Vault XP percentage of total XP
 D = Non-vault monster count
 E = Vault monster count
 F = Vault count percentage of total count
                 A         B        C        D         E       F
            +---------+---------+-------+---------+---------+-------
      Total |     187 |     182 |  49.3 |      28 |      17 |  37.8
            +---------+---------+-------+---------+---------+-------
        D:1 |      16 |       0 |   0.0 |       9 |       0 |   0.0
        D:2 |     171 |     182 |  51.6 |      19 |      17 |  47.2
            +---------+---------+-------+---------+---------+-------
